 Dungeon Crawl Stone Soup version 0.31.0-12-g77e489cdc1 (webtiles) character file.

Game seed: 6356112459120274225

97 PaiMei the Grave Robber (level 4, -1/32 HPs)
             Began as a Demonspawn Necromancer on Mar 1, 2024.
             Slain by an adder (3 damage)
             ... on level 2 of the Dungeon.
             The game lasted 00:02:50 (2119 turns).

PaiMei the Grave Robber (Demonspawn Necromancer)    Turns: 2119, Time: 00:02:51

Health: -1/32      AC:  2    Str:  9    XL:     4   Next: 42%
Magic:  4/8        EV: 12    Int: 17    God:
Gold:   82         SH:  0    Dex: 13    Spells: 7/8 levels left

rFire   . . .        e - +0 short sword
rCold   . . .        (no shield)
rNeg    . . .        a - +0 robe
rPois   .            (no helmet)
rElec   .            (no cloak)
rCorr   .            (no gloves)
SInv    .            (no boots)
Will    .....        (no amulet)
Stlth   ++           (no ring)
HPRegen 0.25/turn    (no ring)
MPRegen 0.11/turn

%: no passive effects
@: lethally poisoned (-1 -> -2)
A: powered by pain 1
a: no special abilities


You were on level 2 of the Dungeon.
You visited 1 branch of the dungeon, and saw 3 of its levels.

You collected 82 gold pieces.

Inventory:

Hand Weapons
 e - a +0 short sword (weapon)
Missiles
 p - 3 poisoned darts (quivered)
Armour
 a - a +0 robe (worn)
Jewellery
 g - a ring of flight
Scrolls
 c - a scroll of blinking {unknown}
 h - a scroll of brand weapon {unknown}
 j - a scroll of amnesia {unknown}
 m - a scroll of teleportation {unknown}
 o - a scroll of identify {unknown}
 q - a scroll of fear {unknown}
 t - a scroll of vulnerability {unknown}
Potions
 b - a potion of magic
 d - a potion of berserk rage {unknown}
 f - a potion of mutation {unknown}
 i - 3 potions of invisibility {unknown}
 k - 2 potions of haste {unknown}
 l - a potion of ambrosia {unknown}
 n - a potion of might {unknown}
 r - a potion of enlightenment {unknown}
 s - a potion of heal wounds {unknown}


   Skills:
 + Level 1.5 Fighting
 + Level 2.5 Dodging
 - Level 1.9 Stealth
 + Level 2.8 Spellcasting
 + Level 5.0 Necromancy


You had 7 spell levels left.
You knew the following spells:

 Your Spells              Type           Power      Damage    Failure   Level
a - Necrotise             Necr           76%        1d7       2%          1

Your spell library contained the following spells:

 Spells                   Type           Power      Damage    Failure   Level
 Vampiric Draining        Necr           19%        2d7       7%          3
 Animate Dead             Necr           19%        N/A       22%         4
 Lesser Beckoning         Tloc           4%         N/A       26%         2
 Momentum Strike          Conj/Tloc      4%         3d8       26%         2
 Call Canine Familiar     Summ           2%         N/A       47%         3
 Sigil of Binding         Hex            2%         N/A       47%         3
 Curse of Agony           Necr           19%        N/A       52%         5
 Dimensional Bullseye     Hex/Tloc       1%         N/A       87%         4
 Passage of Golubria      Tloc           2%         N/A       87%         4


Dungeon Overview and Level Annotations

Branches:
Dungeon (3/15)

Altars:

Shops:
D:1 !


Innate Abilities, Weirdness & Mutations

You sometimes gain a little power by taking damage.


Message History

There is a stone staircase leading down here.
Casting: Necrotise (safe; 2% risk of failure)
Confirm with . or Enter, or press ? or * to list all spells.
Aiming: Necrotise (safe; 2% risk of failure)
Press: ? - help, Shift-Dir - straight line, f - gnoll
Aim: a gnoll, wielding a +0 flail (chance to affect: 84%)
The gnoll writhes in agony!
The hobgoblin closely misses you. The gnoll hits you but does no damage.
The adder bites you.
You are poisoned.
The adder poisons you!
Casting: Necrotise (safe; 2% risk of failure)
Confirm with . or Enter, or press ? or * to list all spells.
Aiming: Necrotise (safe; 2% risk of failure)
Press: ? - help, Shift-Dir - straight line, f/p - gnoll
Aim: a gnoll, wielding a +0 flail (heavily wounded, chance to affect: 84%)
The gnoll writhes in agony.
You feel sick. The adder bites you. The hobgoblin hits you.
* * * LOW HITPOINT WARNING * * *
The gnoll misses you.
Casting: Necrotise (safe; 2% risk of failure)
Confirm with . or Enter, or press ? or * to list all spells.
Aiming: Necrotise (safe; 2% risk of failure)
Press: ? - help, Shift-Dir - straight line, f/p - gnoll
Aim: a gnoll, wielding a +0 flail (almost dead, chance to affect: 84%)
The gnoll writhes in agony.
You kill the gnoll!
The dead are walking!
You feel sick. The adder bites you.
* * * LOW HITPOINT WARNING * * *
The hobgoblin hits you.
* * * LOW HITPOINT WARNING * * *
The adder barely misses you.
Casting: Necrotise (safe; 2% risk of failure)
Confirm with . or Enter, or press ? or * to list all spells.
Aiming: Necrotise (safe; 2% risk of failure)
Press: ? - help, Shift-Dir - straight line, f - adder
Aim: an adder (chance to affect: 84%)
The adder writhes in agony.
* * * LOW HITPOINT WARNING * * *
You feel sick. The hobgoblin barely misses you. The adder bites you.
You die...

.# ###...# #........
.##########.### #..######
.##.........# ##########..#
.##.######..####.......##..#
.##.# #<).....#####.....#
.##.# ##.####.# #.###.##
.##.#######.####.#
#......#####
...............)Z#
#.###.......
##..############@#####.#
#.###### #..# #...g.S.....#
#.# #..# #.....#########.#
#..# #...............#
#..#### #.....###########
#.....# #.....# #.###.#
#####.### ###### #.# #.#
#.....# #..... #.# #.#
#.###### #.####


You could see an adder, a hobgoblin (ally target) and a friendly gnoll skeleton.

Vanquished Creatures
  2 gnolls
  An adder (D:2)
  A ribbon worm (D:2)
  A dart slug (D:2)
  3 bats
  7 endoplasms
  2 giant cockroaches
  4 goblins (D:1)
  6 hobgoblins
  5 jackals (D:2)
  3 kobolds
  2 quokkas
  3 ball pythons
  2 frilled lizards
  7 rats
49 creatures vanquished.

Vanquished Creatures (collateral kills)
  3 dart slugs
  An endoplasm (D:1)
4 creatures vanquished.

Grand Total: 53 creatures vanquished

Notes
Turn   | Place    | Note
-------+----------+-------------------------------------------
     0 | D:1      | PaiMei the Demonspawn Necromancer began the quest for the
                  | Orb.
     0 | D:1      | Reached XP level 1. HP: 13/13 MP: 3/3
   191 | D:1      | Gained mutation: You sometimes gain a little power by
                  | taking damage. [demonic ancestry]
   191 | D:1      | Reached XP level 2. HP: 19/19 MP: 1/5
   336 | D:1      | Found Qofic's Distillery.
   636 | D:1      | Reached XP level 3. HP: 25/25 MP: 4/6
   955 | D:2      | Reached skill level 1 in Fighting
  1157 | D:2      | Found a faded altar of an unknown god.
  1645 | D:2      | Reached XP level 4. HP: 32/32 MP: 3/8
  1948 | D:2      | Got Guvuanar's Papyrus of Wanderlust
  2021 | D:3      | Reached skill level 5 in Necromancy
  2119 | D:2      | Slain by an adder

Illustrated notes

Levels and vault maps discovered:
D:1:      matt_arrival_grand_opening, layout_rooms, serial_shops, shop
D:2:      layout_loops_ring, chequers_ecumenical_altar_twisty,
          minmay_pentomino_t2
D:3:      layout_loops_ring, nicolae_overflow_hidden_temple, uniq_terence

Skill      XL: |  1  2  3  4 |
---------------+-------------+-----
Dodging        | 2 |  2.5
Fighting       | 1 |  1.5
Necromancy     | 5 |  5.0
Stealth        | |  1.9
Spellcasting   | |  2.8

Action                     |  1- 3 |  4- 6 || total
---------------------------+-------+-------++-------
  Melee: Short sword       |    38 |     1 ||    39
         Punch             |     1 |       ||     1
   Cast: Necrotise         |    75 |    22 ||    97
 Armour: Robe              |    35 |    16 ||    51
  Dodge: Dodged            |    26 |    10 ||    36
